| TOP OF THE 1ST |
|
St. Louis Cardinals batting - Pitching for Chicago Cubs : RHP Nate Jackson
|
|
Pitching: RHP Nate Jackson
|
|
|
Batting: RHB Nick Gentzel
|
0-0: DOUBLE (Groundball, 5L, EV 103.1 MPH)
|
|
Batting: RHB Rick O'Reilly
|
0-0: Called Strike 0-1: Ball 1-1: Ball 2-1: Bunt missed! 2-2: Strikes out swinging
|
|
Batting: SHB Antoine Roux
|
0-0: Ball 1-0: Called Strike 1-1: SINGLE (Groundball, 3D, EV 95.0 MPH) Nick Gentzel to third Runner from 3rd tries for Home, SAFE, throw by RF to home
|
|
Batting: RHB Eric Chotkowski
|
0-0: Ball 1-0: Ball 2-0: Foul Ball, location: 2F 2-1: Foul Ball, location: 2F 2-2: Strikes out swinging
|
|
Batting: LHB Ben Rubenacker
|
0-0: Ball 1-0: SINGLE (Groundball, 6MD, EV 106.9 MPH) Antoine Roux to second Runner from 2nd tries for 3rd, SAFE, throw by CF made to third
|
|
Batting: RHB Pavpv Ivanushkin
|
0-0: Foul Ball, location: 2F 0-1: Ground out 6-3 (Groundball, 6S, EV 86.3 MPH)
|
| Top of the 1st over - 1 run, 3 hits, 0 errors, 2 left on base; St. Louis 1 - Chicago 0 |
| BOTTOM OF THE 1ST |
|
Chicago Cubs batting - Pitching for St. Louis Cardinals : RHP Brian Sanderson
|
|
Pitching: RHP Brian Sanderson
|
|
|
Batting: RHB Yasuhide Kasahara
|
0-0: Ball 1-0: Fly out, F7 (Flyball, 78XD, EV 78.1 MPH)
|
|
Batting: RHB Elijah Campbell
|
0-0: Called Strike 0-1: Ground out 6-3 (Groundball, 6, EV 106.9 MPH)
|
|
Batting: RHB Efrain Vargas
|
0-0: Ball 1-0: Ball 2-0: SOLO HOME RUN (Flyball, 9D, EV 99.4 MPH), Distance : 381 ft
|
|
Batting: SHB Terry Tuckfard
|
0-0: Swinging Strike 0-1: Ground out U3 (Groundball, 34D, EV 80.6 MPH)
|
| Bottom of the 1st over - 1 run, 1 hit, 0 errors, 0 left on base; St. Louis 1 - Chicago 1 |
| TOP OF THE 2ND |
|
St. Louis Cardinals batting - Pitching for Chicago Cubs : RHP Nate Jackson
|
|
Batting: RHB Jason Gress
|
0-0: Ball 1-0: Ball 2-0: Foul Ball, location: 2F 2-1: Fly out, F7 (Line Drive, 7, EV 92.5 MPH)
|
|
Batting: RHB Sergio Godinez
|
0-0: Called Strike 0-1: Called Strike 0-2: Ball 1-2: Strikes out swinging
|
|
Batting: RHB Dustin Clark
|
0-0: Called Strike 0-1: Foul Ball, location: 2F 0-2: Ball 1-2: Ball 2-2: Fly out, F8 (Flyball, 8RXD, EV 75.0 MPH)
|
| Top of the 2nd over - 0 runs, 0 hits, 0 errors, 0 left on base; St. Louis 1 - Chicago 1 |
| BOTTOM OF THE 2ND |
|
Chicago Cubs batting - Pitching for St. Louis Cardinals : RHP Brian Sanderson
|
|
Batting: RHB Josh Kalman
|
0-0: Called Strike 0-1: Swinging Strike 0-2: Fly out, F5 (Popup, 56, EV 63.8 MPH)
|
|
Batting: LHB Kevin Norton
|
0-0: Ground out 4-3 (Groundball, 4, EV 106.9 MPH)
|
|
Batting: RHB Will Leslie
|
0-0: Called Strike 0-1: Called Strike 0-2: Ball 1-2: Strikes out swinging
|
| Bottom of the 2nd over - 0 runs, 0 hits, 0 errors, 0 left on base; St. Louis 1 - Chicago 1 |
| TOP OF THE 3RD |
|
St. Louis Cardinals batting - Pitching for Chicago Cubs : RHP Nate Jackson
|
|
Batting: RHB Nick Gentzel
|
0-0: Ground out 3-1 (Groundball, 34, EV 104.4 MPH)
|
|
Batting: RHB Rick O'Reilly
|
0-0: Ball 1-0: Ball 2-0: Called Strike 2-1: Ball 3-1: Ground out 1-3 (Groundball, 15S, EV 68.1 MPH)
|
|
Batting: SHB Antoine Roux
|
0-0: Ball 1-0: Called Strike 1-1: SINGLE (Flyball, 6D, EV 86.9 MPH)
|
|
Batting: RHB Eric Chotkowski
|
0-0: Ball 1-0: Ball 2-0: Called Strike 2-1: Ground out 1-3 (Groundball, 13S, EV 68.8 MPH)
|
| Top of the 3rd over - 0 runs, 1 hit, 0 errors, 1 left on base; St. Louis 1 - Chicago 1 |
| BOTTOM OF THE 3RD |
|
Chicago Cubs batting - Pitching for St. Louis Cardinals : RHP Brian Sanderson
|
|
Batting: SHB Art Kent
|
0-0: Ball 1-0: Ball 2-0: Ball 3-0: Called Strike 3-1: Foul Ball, location: 2F 3-2: Foul Ball, location: 2F 3-2: Strikes out swinging
|
|
Batting: RHB Adam O'Hare
|
0-0: Ball 1-0: Swinging Strike 1-1: Ball 2-1: Foul Ball, location: 2F 2-2: SOLO HOME RUN (Flyball, 7D, EV 100.0 MPH), Distance : 383 ft
|
|
Batting: RHB Yasuhide Kasahara
|
0-0: Ball 1-0: Ball 2-0: SINGLE (Groundball, 6MS, EV 62.5 MPH) (infield hit)
|
|
Batting: RHB Elijah Campbell
|
0-0: Ball 1-0: Ball 2-0: Ball 3-0: Foul Ball, location: 2F 3-1: Called Strike 3-2: Strikes out swinging
|
|
Batting: RHB Efrain Vargas
|
0-0: Ball 1-0: Ball Yasuhide Kasahara steals 2nd base (no throw) 2-0: Foul Ball, location: 2F 2-1: DOUBLE (Line Drive, 78XD, EV 98.8 MPH) Yasuhide Kasahara scores
|
|
Batting: SHB Terry Tuckfard
|
0-0: Called Strike 0-1: Fly out, F9 (Flyball, 9, EV 86.9 MPH)
|
| Bottom of the 3rd over - 2 runs, 3 hits, 0 errors, 1 left on base; St. Louis 1 - Chicago 3 |
| TOP OF THE 4TH |
|
St. Louis Cardinals batting - Pitching for Chicago Cubs : RHP Nate Jackson
|
|
Batting: LHB Ben Rubenacker
|
0-0: Swinging Strike 0-1: Ball 1-1: Ball 2-1: Ball 3-1: Ground out 6-3 (Groundball, 6MD, EV 104.4 MPH)
|
|
Batting: RHB Pavpv Ivanushkin
|
0-0: Ground out 5-3 (Groundball, 56S, EV 88.8 MPH)
|
|
Batting: RHB Jason Gress
|
0-0: Called Strike 0-1: Foul Ball, location: 2F 0-2: Strikes out looking
|
| Top of the 4th over - 0 runs, 0 hits, 0 errors, 0 left on base; St. Louis 1 - Chicago 3 |
| BOTTOM OF THE 4TH |
|
Chicago Cubs batting - Pitching for St. Louis Cardinals : RHP Brian Sanderson
|
|
Batting: RHB Josh Kalman
|
0-0: Called Strike 0-1: Ball 1-1: Foul Ball, location: 2F 1-2: Ground out 4-3 (Groundball, 4, EV 103.1 MPH)
|
|
Batting: LHB Kevin Norton
|
0-0: Foul Ball, location: 2F 0-1: Called Strike 0-2: Strikes out swinging
|
|
Batting: RHB Will Leslie
|
0-0: Ball 1-0: Called Strike 1-1: Foul Ball, location: 2F 1-2: Strikes out swinging
|
| Bottom of the 4th over - 0 runs, 0 hits, 0 errors, 0 left on base; St. Louis 1 - Chicago 3 |
| TOP OF THE 5TH |
|
St. Louis Cardinals batting - Pitching for Chicago Cubs : RHP Nate Jackson
|
|
Batting: RHB Sergio Godinez
|
0-0: Ball 1-0: SINGLE (Groundball, 6MD, EV 106.3 MPH)
|
|
Batting: RHB Dustin Clark
|
0-0: Ball 1-0: Ball 2-0: Fly out, F3 (Popup, 34S, EV 78.1 MPH)
|
|
Batting: RHB Nick Gentzel
|
0-0: Called Strike 0-1: Swinging Strike 0-2: Strikes out swinging
|
|
Batting: RHB Rick O'Reilly
|
0-0: Ball 1-0: Foul Ball, location: 2F 1-1: Ball 2-1: Fly out, F7 (Flyball, 7, EV 88.1 MPH)
|
| Top of the 5th over - 0 runs, 1 hit, 0 errors, 1 left on base; St. Louis 1 - Chicago 3 |
| BOTTOM OF THE 5TH |
|
Chicago Cubs batting - Pitching for St. Louis Cardinals : RHP Brian Sanderson
|
|
Batting: SHB Art Kent
|
0-0: Ball 1-0: Ground out U3 (Groundball, 3S, EV 63.8 MPH)
|
|
Batting: RHB Adam O'Hare
|
0-0: Swinging Strike 0-1: Swinging Strike 0-2: Foul Ball, location: 2F 0-2: Ball 1-2: Ball 2-2: Ball 3-2: Foul Ball, location: 2F 3-2: Strikes out swinging
|
|
Batting: RHB Yasuhide Kasahara
|
0-0: Foul Ball, location: 2F 0-1: Foul Ball, location: 2F 0-2: Ball 1-2: Ball 2-2: Foul Ball, location: 2F 2-2: Ball 3-2: Fly out, F8 (Flyball, 89D, EV 91.9 MPH)
|
| Bottom of the 5th over - 0 runs, 0 hits, 0 errors, 0 left on base; St. Louis 1 - Chicago 3 |
| TOP OF THE 6TH |
|
St. Louis Cardinals batting - Pitching for Chicago Cubs : RHP Nate Jackson
|
|
Batting: SHB Antoine Roux
|
0-0: Ball 1-0: Ball 2-0: Called Strike 2-1: Ground out U3 (Groundball, 3L, EV 90.0 MPH)
|
|
Batting: RHB Eric Chotkowski
|
0-0: Called Strike 0-1: DOUBLE (Flyball, 89XD, EV 111.9 MPH)
|
|
Batting: LHB Ben Rubenacker
|
0-0: SINGLE (Groundball, 34D, EV 101.3 MPH) Eric Chotkowski to third Runner from 3rd tries for Home, SAFE, throw by RF to home
|
|
Batting: RHB Pavpv Ivanushkin
|
0-0: Ball 1-0: Ball 2-0: SINGLE (Groundball, 56D, EV 106.9 MPH) Ben Rubenacker to second
|
|
Batting: RHB Jason Gress
|
0-0: Called Strike 0-1: Foul Ball, location: 2F 0-2: Ground out 3-1 (Groundball, 34, EV 83.8 MPH) Ben Rubenacker to third Pavpv Ivanushkin to second
|
|
Batting: RHB Sergio Godinez
|
0-0: Called Strike 0-1: 3-RUN HOME RUN (Flyball, 7D, EV 104.4 MPH), Distance : 386 ft
|
|
Pitching: RHP Edwin Rivera
|
|
|
Batting: RHB Dustin Clark
|
0-0: Ball 1-0: Called Strike 1-1: Ball 2-1: Ball 3-1: Ground out 4-3 (Groundball, 4M, EV 103.1 MPH)
|
| Top of the 6th over - 4 runs, 4 hits, 0 errors, 0 left on base; St. Louis 5 - Chicago 3 |
| BOTTOM OF THE 6TH |
|
Chicago Cubs batting - Pitching for St. Louis Cardinals : RHP Brian Sanderson
|
|
Batting: RHB Elijah Campbell
|
0-0: Ball 1-0: Foul Ball, location: 2F 1-1: Ball 2-1: Foul Ball, location: 2F 2-2: Foul Ball, location: 2F 2-2: Foul Ball, location: 2F 2-2: Ball 3-2: Base on Balls
|
|
Batting: RHB Efrain Vargas
|
0-0: Ball 1-0: Ball 2-0: Called Strike Elijah Campbell steals 2nd base (no throw) 2-1: Called Strike 2-2: Ball 3-2: Foul Ball, location: 2F 3-2: Fly out, F9 (Flyball, 9S, EV 75.0 MPH)
|
|
Pitching: RHP Doug Nickey
|
|
|
Batting: SHB Terry Tuckfard
|
0-0: Ball 1-0: Called Strike 1-1: Swinging Strike 1-2: Strikes out looking
|
|
Batting: RHB Josh Kalman
|
0-0: Ball 1-0: Fly out, F9 (Flyball, 9D, EV 95.0 MPH)
|
| Bottom of the 6th over - 0 runs, 0 hits, 0 errors, 1 left on base; St. Louis 5 - Chicago 3 |
| TOP OF THE 7TH |
|
St. Louis Cardinals batting - Pitching for Chicago Cubs : RHP Edwin Rivera
|
|
Batting: RHB Nick Gentzel
|
0-0: Swinging Strike 0-1: Foul Ball, location: 2F 0-2: Strikes out swinging
|
|
Batting: RHB Rick O'Reilly
|
0-0: Fly out, F4 (Flyball, 34D, EV 88.1 MPH)
|
|
Batting: SHB Antoine Roux
|
0-0: Ball 1-0: Swinging Strike 1-1: Ground out 4-3 (Groundball, 4D, EV 90.6 MPH)
|
| Top of the 7th over - 0 runs, 0 hits, 0 errors, 0 left on base; St. Louis 5 - Chicago 3 |
| BOTTOM OF THE 7TH |
|
Chicago Cubs batting - Pitching for St. Louis Cardinals : RHP Doug Nickey
|
|
Batting: LHB Kevin Norton
|
0-0: Swinging Strike 0-1: Called Strike 0-2: Ball 1-2: Ball 2-2: Ball 3-2: Foul Ball, location: 2F 3-2: Foul Ball, location: 2F 3-2: Ground out 3-1 (Groundball, 34, EV 86.9 MPH)
|
|
Batting: RHB Will Leslie
|
0-0: Ball 1-0: Called Strike 1-1: Ball 2-1: Ball 3-1: Swinging Strike 3-2: Foul Ball, location: 2F 3-2: Strikes out swinging
|
|
Batting: SHB Art Kent
|
0-0: Foul Ball, location: 2F 0-1: Ball 1-1: Ball 2-1: Ground out 4-3 (Groundball, 4, EV 83.8 MPH)
|
| Bottom of the 7th over - 0 runs, 0 hits, 0 errors, 0 left on base; St. Louis 5 - Chicago 3 |
| TOP OF THE 8TH |
|
St. Louis Cardinals batting - Pitching for Chicago Cubs : RHP Edwin Rivera
|
|
Batting: RHB Eric Chotkowski
|
0-0: Ball 1-0: Ground out 4-3 (Groundball, 4, EV 84.4 MPH)
|
|
Batting: LHB Ben Rubenacker
|
0-0: Foul Ball, location: 2F 0-1: Foul Ball, location: 2F 0-2: Foul Ball, location: 2F 0-2: Foul Ball, location: 2F 0-2: Ball 1-2: Foul Ball, location: 2F 1-2: Fly out, F7 (Line Drive, 7D, EV 97.5 MPH)
|
|
Batting: RHB Pavpv Ivanushkin
|
0-0: Called Strike 0-1: Ball 1-1: Called Strike 1-2: Strikes out swinging
|
| Top of the 8th over - 0 runs, 0 hits, 0 errors, 0 left on base; St. Louis 5 - Chicago 3 |
| BOTTOM OF THE 8TH |
|
Chicago Cubs batting - Pitching for St. Louis Cardinals : RHP Doug Nickey
|
|
Batting: RHB Adam O'Hare
|
0-0: Ball 1-0: Ball 2-0: Ball 3-0: Base on Balls
|
|
Batting: RHB Yasuhide Kasahara
|
0-0: Ball 1-0: Called Strike 1-1: Swinging Strike 1-2: Foul Ball, location: 2F 1-2: Ball 2-2: Fielders Choice at 2nd, 5-4 (Groundball, 5L, EV 81.9 MPH)
|
|
Batting: RHB Elijah Campbell
|
0-0: Ball 1-0: Called Strike 1-1: Foul Ball, location: 2F 1-2: Strikes out swinging
|
|
Batting: RHB Efrain Vargas
|
0-0: Ball 1-0: DOUBLE (Flyball, 89D, EV 91.3 MPH) Yasuhide Kasahara to third Runner from 3rd tries for Home, SAFE, throw by CF to trailing runner, SAFE at third!
|
|
Batting: SHB Terry Tuckfard
|
0-0: Foul Ball, location: 2F 0-1: Ball 1-1: Called Strike 1-2: Ball 2-2: Ball 3-2: Foul Ball, location: 2F 3-2: Base on Balls
|
|
Pitching: RHP Josh Sabatino
|
|
|
Batting: RHB Josh Kalman
|
0-0: Ball 1-0: Called Strike 1-1: Ball 2-1: Ball 3-1: DOUBLE (Groundball, 5L, EV 103.8 MPH) Efrain Vargas scores Terry Tuckfard to third Runner from 3rd tries for Home, SAFE, throw by LF to home
|
|
Batting: LHB Kevin Norton
|
0-0: Foul Ball, location: 2F 0-1: Ball 1-1: Ball 2-1: Ball 3-1: Called Strike 3-2: Foul Ball, location: 2F 3-2: Foul Ball, location: 2F 3-2: Foul Ball, location: 2F 3-2: Base on Balls
|
|
Batting: RHB Will Leslie
|
0-0: Ball 1-0: Ball 2-0: Ball 3-0: Base on Balls Josh Kalman to third Kevin Norton to second
|
|
Batting: SHB Art Kent
|
0-0: Called Strike 0-1: Ball 1-1: Ball 2-1: Ball 3-1: Swinging Strike 3-2: Reached on error, E4 (Groundball, 4, EV 85.0 MPH) Josh Kalman scores Kevin Norton to third Will Leslie to second
|
|
Batting: RHB Adam O'Hare
|
0-0: Foul Ball, location: 2F 0-1: Called Strike 0-2: Strikes out looking
|
| Bottom of the 8th over - 4 runs, 2 hits, 1 error, 3 left on base; St. Louis 5 - Chicago 7 |
| TOP OF THE 9TH |
|
St. Louis Cardinals batting - Pitching for Chicago Cubs : RHP Edwin Rivera
|
|
Pitching: LHP George Poirier
|
|
|
Batting: RHB Jason Gress
|
0-0: SOLO HOME RUN (Line Drive, 78XD, EV 106.3 MPH), Distance : 394 ft
|
|
Batting: RHB Sergio Godinez
|
0-0: Ball 1-0: Swinging Strike 1-1: Swinging Strike 1-2: Foul Ball, location: 2F 1-2: Ball 2-2: Strikes out swinging
|
|
Batting: RHB Dustin Clark
|
0-0: Foul Ball, location: 2F 0-1: Ball 1-1: Foul Ball, location: 2F 1-2: Strikes out looking
|
|
Batting: RHB Nick Gentzel
|
0-0: Ball 1-0: Ball 2-0: Foul Ball, location: 2F 2-1: Ball 3-1: Swinging Strike 3-2: Foul Ball, location: 2F 3-2: Strikes out swinging
|
| Top of the 9th over - 1 run, 1 hit, 0 errors, 0 left on base; St. Louis 6 - Chicago 7 |
|